 Dungeon Sprint DCSS version 0.22-a0-456-g11ed031 (webtiles) character file.

873 Kidiri the Covert (level 7, -1/37 HPs)
             Began as a Spriggan Enchanter on June 6, 2018.
             Was a High Priest of Dithmenos.
             Slain by an ice devil (15 damage)
             ... in the Dungeon (Sprint VII: "The Pits").
             The game lasted 00:04:38 (1034 turns).

Kidiri the Covert (Spriggan Enchanter)              Turns: 1034, Time: 00:04:38

Health: -1/37      AC:  2    Str:  4    XL:     7   Next: 74%
Magic:  1/20       EV: 27    Int: 17    God:    Dithmenos [*****.]
Gold:   0          SH:  0    Dex: 18    Spells: 12/24 levels left

rFire    . . .     SeeInvis +   a - +2 dagger (holy)
rCold    . . .     Gourm    .   (shield restricted)
rNeg     . . .     Faith    .   b - +0 robe
rPois    .         Spirit   .   (helmet restricted)
rElec    .         Reflect  .   (no cloak)
rCorr    .         Harm     .   (gloves unavailable)
MR       +....     NoTele   +   (boots unavailable)
Stlth    +++++++++.             (no amulet)
HPRegen  0.12/turn              (no ring)
MPRegen  0.17/turn              (no ring)

@: wreathed by umbra, very quick
A: very small, unfitting armour, see invisible, herbivore, speed 3, slow
metabolism 2
a: Shadow Step, Shadow Form, Renounce Religion


You were in the Dungeon.
You worshipped Dithmenos.
Dithmenos was extremely pleased with you.
You were not hungry.

You visited 1 branch

Inventory:

Hand Weapons
 a - a +2 dagger of holy wrath (weapon)
 n - a +1 dagger of draining
Armour
 b - a +0 robe (worn)
Scrolls
 j - a scroll of blinking
 k - 3 scrolls of remove curse
 l - 5 scrolls of amnesia
 m - a scroll of summoning
Potions
 c - 2 potions of berserk rage
 e - 4 potions of curing
 f - a potion of heal wounds
 g - a potion of haste
 h - 3 potions of magic
 i - 2 potions of invisibility
Comestibles
 d - 9 rations


   Skills:
 + Level 4.0 Fighting
 * Level 8.0 Short Blades
 + Level 3.7 Armour
 * Level 10.6 Dodging
 * Level 11.9 Stealth
 * Level 9.1 Spellcasting
 + Level 7.2 Hexes


You had 12 spell levels left.
You knew the following spells:

 Your Spells              Type           Power        Failure   Level  Hunger
a - Corona                Hex            ####...      1%          1    None
b - Ensorcelled Hibernat  Hex/Ice        ###...       3%          2    None
c - Confuse               Hex            ####....     1%          3    None
d - Tukima's Dance        Hex            ####....     1%          3    None
e - Dazzling Spray        Conj/Hex       ###...       6%          3    None

Your spell library contained the following spells:

 Spells                   Type           Power        Failure   Level  Hunger


Dungeon Overview and Level Annotations

Branches:
Dungeon (1/1)

Altars:
Ashenzari
Cheibriados
Dithmenos
Elyvilon
Fedhas
Gozag
Hepliaklqana
Kikubaaqudgha
Makhleb
Nemelex Xobeh
Okawaru
Qazlal
Ru
Sif Muna
Trog
Uskayaw
Vehumet
Wu Jian
Xom
Yredelemnul
Zin
The Shining One
Beogh
Jiyva
Lugonu

Annotations:
D exclusion: 6 doors


Innate Abilities, Weirdness & Mutations

You are very small and have problems with some larger weapons.
You are too small for most types of armour.
You have supernaturally acute eyesight. (SInv)
You are a herbivore.
You cover ground extremely quickly.
You need to consume almost no food.


Message History

Your Fighting skill increases to level 4!
Your Short Blades skill increases to level 8!
Your Spellcasting skill increases to level 9!
Unknown command.
Casting: Dazzling Spray (safe; 6% risk of failure)
Confirm with . or Enter, or press ? or * to list all spells.
Aiming: Confuse (safe; 1% risk of failure)
Press: ? - help, Shift-Dir - straight line, f - ice devil
Aim: an ice devil (black smoke, moderately wounded, umbra, chance to defeat MR: 14%)
The ice devil resists with almost no effort.
Casting: Confuse (safe; 1% risk of failure)
Confirm with . or Enter, or press ? or * to list all spells.
Aiming: Confuse (safe; 1% risk of failure)
Press: ? - help, Shift-Dir - straight line, f/p - ice devil
Aim: an ice devil (black smoke, moderately wounded, umbra, chance to defeat MR: 14%)
The ice devil resists with almost no effort.
Your shadow mimicks your spell!
The ice devil resists with almost no effort.
The ice devil hits you!
You die...

#.##+#.....##...<...#
#)#........##.......#
#.#........##.......#
#'###########.......#
#.......#..##########
#.)#§#..#.######
#.##§##.#.#..§§#
#..§§4§.#+#..§§#
#.##@##.#.4.§§§+
#..#.#..#'#..§.#
#.......'.#.§.§#
################


You could see an ice devil.

Vanquished Creatures
  An air elemental (D)
  A fire bat (D)
  A hungry ghost (D)
  2 wargs (D)
  A crocodile (D)
  A scorpion (D)
  An iron imp (D)
  2 orc wizards (D)
  An ufetubus (D)
  A worm (D)
  A leopard gecko (D)
  3 orcs (D)
  A bat skeleton (D)
  A giant cockroach (D)
  9 jackals (D)
  2 frilled lizards (D)
  A jackal zombie (D)
  2 leopard gecko skeletons (D)
32 creatures vanquished.

Notes
Turn   | Place    | Note
-------+----------+-------------------------------------------
     0 | D        | Kidiri the Spriggan Enchanter began the quest for the Orb.
     0 | D        | Reached XP level 1. HP: 9/9 MP: 5/5
    33 | D        | Reached skill level 5 in Stealth
    67 | D        | Found a bloodstained altar of Trog.
    67 | D        | Found a deep blue altar of Sif Muna.
    67 | D        | Found a viscous altar of Jiyva.
    67 | D        | Found a hazy altar of Hepliaklqana.
    67 | D        | Found an opulent altar of Gozag.
    68 | D        | Found a glowing golden altar of the Shining One.
    68 | D        | Found a glowing silver altar of Zin.
    68 | D        | Found a basalt altar of Yredelemnul.
    68 | D        | Found a shimmering altar of Xom.
    68 | D        | Found an ornate altar of the Wu Jian Council.
    68 | D        | Found a sacrificial altar of Ru.
    68 | D        | Found a stormy altar of Qazlal.
    68 | D        | Found an iron altar of Okawaru.
    68 | D        | Found a sparkling altar of Nemelex Xobeh.
    68 | D        | Found a burning altar of Makhleb.
    68 | D        | Found a blossoming altar of Fedhas.
    68 | D        | Found a white marble altar of Elyvilon.
    68 | D        | Found a shadowy altar of Dithmenos.
    68 | D        | Found a snail-covered altar of Cheibriados.
    70 | D        | Found a radiant altar of Vehumet.
    70 | D        | Found a corrupted altar of Lugonu.
    70 | D        | Found a roughly hewn altar of Beogh.
    71 | D        | Found a hide-covered altar of Uskayaw.
    71 | D        | Found an ancient bone altar of Kikubaaqudgha.
    71 | D        | Found a shattered altar of Ashenzari.
    78 | D        | Became a worshipper of Dithmenos the Shadowed
   156 | D        | Reached XP level 2. HP: 12/14 MP: 5/7
   160 | D        | Learned a level 2 spell: Ensorcelled Hibernation
   194 | D        | Reached * piety under Dithmenos
   311 | D        | Reached ** piety under Dithmenos
   346 | D        | Reached *** piety under Dithmenos
   346 | D        | Reached skill level 1 in Fighting
   514 | D        | Noticed a warg
   521 | D        | Noticed a scorpion
   546 | D        | Reached skill level 1 in Armour
   546 | D        | Reached skill level 5 in Dodging
   546 | D        | Reached skill level 6 in Stealth
   546 | D        | Reached XP level 3. HP: 9/18 MP: 7/9
   554 | D        | Reached XP level 4. HP: 17/22 MP: 7/11
   630 | D        | Reached **** piety under Dithmenos
   657 | D        | Killed a warg
   657 | D        | Reached skill level 5 in Short Blades
   657 | D        | Reached skill level 8 in Stealth
   657 | D        | Reached skill level 5 in Hexes
   657 | D        | Reached XP level 5. HP: 15/27 MP: 11/14
   673 | D        | Reached skill level 9 in Stealth
   690 | D        | Reached ***** piety under Dithmenos
   699 | D        | Learned a level 3 spell: Confuse
   703 | D        | Learned a level 3 spell: Tukima's Dance
   707 | D        | Learned a level 3 spell: Dazzling Spray
   720 | D        | Noticed a fire bat
   736 | D        | Killed a fire bat
   736 | D        | Reached skill level 10 in Stealth
   736 | D        | Reached XP level 6. HP: 26/32 MP: 11/17
   808 | D        | Noticed a warg
   811 | D        | Killed a warg
   811 | D        | Reached skill level 11 in Stealth
   811 | D        | Reached XP level 7. HP: 21/36 MP: 17/19
  1004 | D        | Noticed a hungry ghost
  1004 | D        | Noticed an air elemental
  1004 | D        | Noticed an ice devil
  1006 | D        | Killed a hungry ghost
  1006 | D        | Reached skill level 10 in Dodging
  1032 | D        | Killed an air elemental
  1034 | D        | Slain by an ice devil

Vault maps used:
D:        pitsprint

Skill      XL: |  1  2  3  4  5  6  7 |
---------------+----------------------+-----
Stealth        | 5 6 8 10 11 | 11.9
Spellcasting   | 3 4 6 7 8 9 |  9.1
Short Blades   | 2 3 5 6 7 8 |  8.0
Dodging        | 5 7 9 10 | 10.6
Hexes          | 4 5 6 7 |  7.2
Fighting       | 1 2 3 4 |  4.0
Armour         | 1 2 3 |  3.7

Action                   |  1- 3 |  4- 6 |  7- 9 || total
-------------------------+-------+-------+-------++-------
Melee: Dagger            |    78 |    85 |    25 ||   188
 Cast: Corona            |     5 |       |       ||     5
       Confuse           |       |     1 |     4 ||     5
       Ensorcelled Hiber |       |     1 |     1 ||     2
       Dazzling Spray    |       |       |     8 ||     8
Invok: Shadow Step       |       |       |     2 ||     2
  Use: Potion            |     4 |     1 |     4 ||     9
 Stab: Sleeping          |     2 |     1 |     1 ||     4
       Distracted        |       |     2 |       ||     2
       Confused          |       |     1 |     1 ||     2
Armor: Robe              |     3 |     2 |     2 ||     7
Dodge: Dodged            |    76 |    66 |    41 ||   183

Table legend:
 A = Spawn XP
 B = Non-spawn XP
 C = Spawn XP percentage of total XP
 D = Spawn monster count
 E = Non-spawn monster count
 F = Spawn count percentage of total count
 G = Total turns spent on level
                    A         B        C        D         E        F      G
               +---------+---------+-------+---------+---------+-------+---------
         Total |       0 |    1248 |   0.0 |       0 |      32 |   0.0 |  1034
               +---------+---------+-------+---------+---------+-------+---------
             D |       0 |    1248 |   0.0 |       0 |      32 |   0.0 |  1034
               +---------+---------+-------+---------+---------+-------+---------
